 Dungeon Crawl Stone Soup version 0.31-a0-358-gac0dbeb3ab (webtiles) character file.

Game seed: 10376900040864051952

2041 MagicalGirl the Grappler (level 9, -2/69 HPs)
             Began as a Merfolk Shapeshifter on July 26, 2023.
             Was an Initiate of Ashenzari.
             Slain by a hobgoblin
             ... wielding a +0 hand axe
              (4 damage)
             ... while paralysed by an orc sorcerer
             ... in a bailey.
             The game lasted 00:11:42 (5865 turns).

MagicalGirl the Grappler (Merfolk Shapeshifter)     Turns: 5865, Time: 00:11:43

Health: -2/69      AC:  4    Str: 19    XL:     9   Next: 24%
Magic:  9/9        EV:  2    Int:  8    God:    Ashenzari [......]
Gold:   242        SH:  0    Dex: 14    Spells: 8/8 levels left

rFire   . .          .
                       - Unarmed
rCold   . . .        (no shield)
rNeg    . . .        e - +2 robe of Ashenzari's Prison {Comp, Bglg} (curse)
rPois   .            (helmet currently unavailable)
rElec   .            (cloak currently unavailable)
rCorr   .            (gloves currently unavailable)
SInv    .            (boots currently unavailable)
Will    .....        (no amulet)
Stlth   +            (no ring)
HPRegen 0.31/turn    (no ring)
MPRegen 0.11/turn

%: no passive effects
@: paralysed, beast-form
A: beast (slay +4), (nimble swimmer 2), mertail
a: Begin Untransformation, Renounce Religion, Curse Item, Shatter the Chains


You were in a bailey.
You worshipped Ashenzari.
Ashenzari was noncommittal.
You were a hulking beast.
You visited 2 branches of the dungeon, and saw 8 of its levels.
You also visited: Bailey.

You collected 242 gold pieces.

Inventory:

Armour
 a - a +0 animal skin
 e - the cursed +2 robe of Ashenzari's Prison (worn) {Comp, Bglg}
   (You took it off Sigmund on level 2 of the Dungeon)

   It has a curse which improves the following skills: Companions: Summonings
   and Necromancy.
   Beguiling: Conjurations, Hexes and Translocations.
 f - a +0 ring mail
 r - a +2 cloak
 v - the +2 helmet of Kindness {Regen+ Str+6 Slay-5 SInv}
   (You took it off Robin on level 4 of the Dungeon)

   Str:       It affects your strength (+6).
   Slay:      It affects your accuracy & damage with ranged weapons and melee
   (-5).
   SInv:      It lets you see invisible.
   Regen:     It increases your rate of health regeneration.
 x - a +0 pair of boots
Jewellery
 k - a ring of wizardry
Talismans
 c - a beast talisman
Wands
 q - a wand of roots (1)
 u - a wand of paralysis (2)
Scrolls
 j - a scroll of fear
 m - 6 scrolls of teleportation {unknown}
 n - 2 scrolls of vulnerability
 p - a scroll of fog {unknown}
 w - a scroll of enchant armour {unknown}
 y - a scroll of noise {unknown}
 z - 2 scrolls of revelation {unknown}
 A - a scroll of immolation
Potions
 b - a potion of lignification
 d - a potion of cancellation {unknown}
 g - 3 potions of enlightenment {unknown}
 h - 2 potions of attraction {unknown}
 i - 2 potions of mutation {unknown}
 l - a potion of degeneration
 o - 3 potions of might {unknown}
 s - 2 potions of resistance {unknown}
 B - a potion of curing {unknown}


   Skills:
 + Level 5.7 Fighting
 + Level 7.4 Dodging
 * Level 8.8 Unarmed Combat
 + Level 7.1 Shapeshifting


You had 8 spell levels left.
You didn't know any spells.
Your spell library contained the following spells:

 Spells                   Type           Power      Damage    Failure   Level
 Kiss of Death            Conj/Necr      0%         2d5       41%         1
 Sublimation of Blood     Necr           0%         N/A       54%         2
 Wereblood                Tmut           0%         N/A       54%         2
 Gell's Gravitas          Tloc           0%         N/A       78%         3
 Ozocubu's Armour         Ice            0%         N/A       78%         3
 Teleport Other           Tloc           0%         N/A       78%         3
 Iskenderun's Mystic Bla  Conj/Tloc      0%         2d3       99%         4
 Irradiate                Conj/Tmut      0%         3d11      100%        5
 Dispersal                Tloc           0%         N/A       100%        6
 Ozocubu's Refrigeration  Ice            0%         4d7       100%        7
 Summon Hydra             Summ           0%         N/A       100%        7


Dungeon Overview and Level Annotations

Branches:
Dungeon (7/15)             Temple (1/1) D:5          Bailey (1/1)

Altars:
Ashenzari
Cheibriados
Dithmenos
Elyvilon
Fedhas
Gozag
Hepliaklqana
Kikubaaqudgha
Makhleb
Nemelex Xobeh
Okawaru
Qazlal
Ru
Trog
Uskayaw
Vehumet
Wu Jian
Xom
Yredelemnul
Zin
The Shining One

Shops:
D:2 =(

Annotations:
D:6 1 runed translucent door, bdfhjk's ghost, novice DEIE


Innate Abilities, Weirdness & Mutations

You are a hulking beast.
Your limbs bulge with bestial killing power. (Slay +4)
((You are very nimble when in or above water. (Stealth+, EV+, Speed+++)))
Your lower body shifts to a powerful aquatic tail in water.


Message History

You hear a shout! x6
The orc sorcerer struggles to escape constriction.
A goblin opens the door.
A goblin comes into view. It is wielding a +0 hand axe. x2
You hear a shout!
A hobgoblin comes into view. It is wielding a +0 hand axe.
An orc warrior and a hobgoblin come into view.
The grasping roots constrict the orc sorcerer.
The orc warrior shouts!
The roots release their grip on the orc sorcerer.
The orc sorcerer closely misses you.
You hit the orc sorcerer.
The orc sorcerer is heavily wounded.
The orc sorcerer misses you. The goblin hits you with a +0 hand axe.
You punch the orc sorcerer!
The orc sorcerer is severely wounded.
The orc sorcerer hits you with a +0 war axe.
The goblin hits you with a +0 hand axe.
You barely miss the orc sorcerer.
The orc sorcerer is severely wounded.
The orc sorcerer gestures at you while chanting.
You suddenly lose the ability to move!
The goblin hits you but does no damage. The goblin hits you with a +0 hand axe.
The orc sorcerer hits you with a +0 war axe!
The goblin hits you but does no damage. x2
The orc sorcerer hits you with a +0 war axe!
The goblin hits you with a +0 hand axe. x2
The orc sorcerer hits you with a +0 war axe!
* * * LOW HITPOINT WARNING * * *
The goblin hits you but does no damage.
The hobgoblin hits you with a +0 hand axe.
* * * LOW HITPOINT WARNING * * *
The goblin hits you with a +0 hand axe.
* * * LOW HITPOINT WARNING * * *
The orc sorcerer hits you with a +0 war axe!
* * * LOW HITPOINT WARNING * * *
The goblin hits you with a +0 hand axe.
* * * LOW HITPOINT WARNING * * *
The hobgoblin hits you with a +0 hand axe.
You die...

≈≈≈≈≈≈≈≈≈≈≈≈≈≈≈≈≈≈≈≈
≈≈≈≈≈≈≈≈≈≈≈≈≈≈≈≈≈≈≈≈
≈≈≈≈≈≈≈≈≈≈≈≈≈≈≈≈≈≈≈≈
≈≈≈≈≈≈≈≈≈≈≈≈≈≈≈≈≈≈≈≈
≈≈≈≈≈≈≈≈≈≈≈≈≈≈≈≈≈≈≈
≈≈≈≈≈≈≈≈≈≈≈≈≈≈≈≈≈≈
#~~~~~~~~~~~~~####
'.............').#
###############gh# #
.....ogog.# #
.....#gg..# #
#########.# .~≈ .~≈≈
~≈≈ ~≈≈≈


You could see an orc sorcerer, an orc warrior, 2 hobgoblins and 3 goblins.

Vanquished Creatures
  Sigmund (D:2)
  A steam dragon (D:7)
  A water moccasin (D:5)
  3 orc warriors
  An ice beast (D:6)
  3 sky beasts
  A black bear (D:6)
  An ogre (D:6)
  A centaur (D:7)
  A bullfrog (D:6)
  3 scorpions
  A hound (D:5)
  Crazy Yiuf (D:2)
  5 sleepcaps
  3 iguanas (D:5)
  An orc wizard (D:7)
  Robin (D:4)
  4 adders
  2 shadow imps (D:6)
  A white imp (D:6)
  3 worms
  A dart slug (D:4)
  20 orcs
  6 bats
  4 endoplasms
  5 giant cockroaches
  26 goblins
  5 hobgoblins
  7 jackals (D:1)
  3 quokkas
  5 ball pythons
  2 frilled lizards
  4 kobolds
  26 rats
  A spectral orc (D:5)
154 creatures vanquished.

Notes
Turn   | Place    | Note
-------+----------+-------------------------------------------
     0 | D:1      | MagicalGirl the Merfolk Shapeshifter began the quest for
                  | the Orb.
     0 | D:1      | Reached XP level 1. HP: 15/15 MP: 1/1
    85 | D:1      | Reached XP level 2. HP: 21/21 MP: 2/2
   587 | D:1      | Reached XP level 3. HP: 27/27 MP: 3/3
   796 | D:1      | You fall into a shaft and drop 1 floor!
   816 | D:2      | Found Vuixasee's Antique Weapon Shoppe.
   859 | D:2      | Reached skill level 4 in Unarmed Combat
   900 | D:2      | Noticed Sigmund
   913 | D:2      | Killed Sigmund
   914 | D:2      | Reached skill level 5 in Unarmed Combat
   914 | D:2      | Reached XP level 4. HP: 24/34 MP: 4/4
   914 | D:2      | Reached XP level 5. HP: 28/40 MP: 5/5
  1047 | D:2      | Found Notaiste's Jewellery Shoppe.
  1231 | D:2      | Found a runed translucent door.
  1232 | D:2      | Noticed Crazy Yiuf
  1381 | D:2      | Killed Crazy Yiuf
  1382 | D:2      | Reached XP level 6. HP: 46/46 MP: 6/6
  1501 | D:3      | Reached skill level 5 in Shapeshifting
  1602 | D:3      | Got Zolepan's Precepts of Arcane Combat
  1659 | D:3      | Found a stormy altar of Qazlal.
  1670 | D:3      | Found a white marble altar of Elyvilon.
  1708 | D:3      | Became a worshipper of Elyvilon the Healer
  2189 | D:4      | Found a hazy altar of Hepliaklqana.
  2352 | D:4      | Identified the +2 helmet of Kindness {Regen+ Str+6 Slay-5
                  | SInv}
  2352 | D:4      | Noticed Robin
  2377 | D:4      | Killed Robin
  2544 | D:4      | Found an ancient bone altar of Kikubaaqudgha.
  2545 | D:4      | Reached * piety under Elyvilon
  2771 | D:5      | Entered Level 5 of the Dungeon
  2955 | D:5      | Noticed a water moccasin
  2968 | D:5      | Killed a water moccasin
  2969 | D:5      | Reached skill level 5 in Dodging
  2969 | D:5      | Reached skill level 6 in Unarmed Combat
  2969 | D:5      | Reached XP level 7. HP: 26/52 MP: 7/7
  3227 | D:5      | Found a staircase to the Ecumenical Temple.
  3248 | D:5      | Reached ** piety under Elyvilon
  3294 | Temple   | Entered the Ecumenical Temple
  3309 | Temple   | Fell from the grace of Elyvilon
  3309 | Temple   | Became a worshipper of Ashenzari the Shackled
  3705 | D:5      | Found a bloodstained altar of Trog.
  3707 | D:5      | Found a snail-covered altar of Cheibriados.
  3842 | D:5      | Found a basalt altar of Yredelemnul.
  4287 | D:6      | Reached skill level 7 in Unarmed Combat
  4287 | D:6      | Reached XP level 8. HP: 59/61 MP: 8/8
  4296 | D:6      | Found a runed translucent door.
  4308 | D:6      | Noticed bdfhjk's ghost (novice DEIE)
  4407 | D:6      | Found a blossoming altar of Fedhas.
  5170 | D:6      | Found a runed translucent door.
  5399 | D:6      | Reached skill level 5 in Fighting
  5421 | D:7      | Reached skill level 8 in Unarmed Combat
  5502 | D:7      | Reached XP level 9. HP: 26/68 MP: 9/9
  5522 | D:7      | Identified the cursed +2 robe of Ashenzari's Prison {Comp,
                  | Bglg} (You took it off Sigmund on level 2 of the Dungeon)
  5552 | D:7      | Found a flagged portal.
  5630 | Bailey   | Entered a bailey
  5852 | Bailey   | Noticed an orc sorcerer
  5861 | Bailey   | Paralysed by an orc sorcerer for 5 turns
  5865 | Bailey   | HP: 2/69 [goblin/+0 hand axe (2)]
  5865 | Bailey   | Slain by a hobgoblin

Illustrated notes

Levels and vault maps discovered:
D:1:      minmay_arrival_glassed_features, layout_basic, minmay_misc_feat_doors
D:2:      layout_rooms, serial_shops, nicolae_shop_hallway_plus,
          nicolae_shop_advertising_works [nicolae_subvault_shop_adworks],
          uniq_crazy_yiuf_cottage, uniq_sigmund
D:3:      layout_rooms, minitemple, minmay_rat_hole
D:4:      layout_basic, nicolae_kikubaaqudgha_miasma_corner,
          lemuel_crystal_altar, uniq_robin
D:5:      layout_layer_cave, yredelemnul_forgotten_temple_becter,
          nicolae_overflow_hidden_temple, minmay_temple_entry_waves
D:6:      layout_loops_cross, fedhas_ov_isle_minmay, ebering_ghost_inner_flame,
          lightli_church_of_beogh
D:7:      minmay_the_grid_octo_2x2 [minmay_the_grid_octo_checkered,
          minmay_the_grid_octo_77, minmay_the_grid_octo_fat_diamond,
          minmay_the_grid_octo_prize_big_c], layout_basic, enter_bailey_3,
          uniq_joseph
Temple:   nicolae_temple_ecumenical_triangle
Bailey:   bailey_axe_of_yendor_kennysheep, bailey

Skill      XL: |  1  2  3  4  5  6  7  8  9 |
---------------+----------------------------+-----
Dodging        | 3 4 5 7 |  7.4
Unarmed Combat | 5 6 7 8 |  8.8
Fighting       | 2 3 4 5 |  5.7
Shapeshifting  | 5 6 7 |  7.1

Action                     |  1- 3 |  4- 6 |  7- 9 || total
---------------------------+-------+-------+-------++-------
  Melee: Unarmed           |    81 |   138 |   202 ||   421
         Punch             |     1 |     4 |    12 ||    17
 Invoke: Curse Item        |       |       |     1 ||     1
  Evoke: Wand              |       |     5 |     6 ||    11
    Use: Scroll            |     1 |     1 |     3 ||     5
         Potion            |     1 |       |     2 ||     3
   Stab: Sleeping          |       |     4 |     1 ||     5
         Distracted        |       |     1 |       ||     1
         Paralysed         |       |       |     7 ||     7
 Armour: Ring mail         |    20 |       |       ||    20
         Robe              |       |    25 |    22 ||    47
         Skin              |       |       |    18 ||    18
  Dodge: Dodged            |    47 |    84 |    90 ||   221

Table legend: (Time is in decaauts)
 A = Elapsed time spent in this place.
 B = Non-inter-level travel time spent in this place.
 C = Inter-level travel time spent in this place.
 D = Time resting spent in this place.
 E = Time spent auto-exploring this place.
 F = Levels seen in this place.
 G = Mean time per level.
                   A        B        C        D        E       F      G
               +--------+--------+--------+--------+--------+-----+--------+
         Total |   5818 |   5653 |    165 |    162 |   4533 |   9 |  646.4 |
       Dungeon |   5570 |   5426 |    144 |     59 |   4467 |   7 |  795.7 |
        Temple |     22 |      1 |     21 |      0 |      0 |   1 |   22.0 |
        Bailey |    225 |    225 |      0 |    103 |     65 |   1 |  225.0 |
               +--------+--------+--------+--------+--------+-----+--------+

Top non-repeatable levels by time:
     D:5: 1335 daAuts
     D:6: 1270 daAuts
     D:4: 865 daAuts
     D:1: 793 daAuts
     D:2: 632 daAuts
     D:3: 469 daAuts
  Bailey: 225 daAuts
     D:7: 203 daAuts
  Temple: 22 daAuts
